 Dungeon Crawl Stone Soup version 0.29-a0-529-gfa20dd96a1 (webtiles) character file.

Game seed: 15579102130779410752

7708 enile the Fighter (level 11, -8/99 (106) HPs)
             Began as a Meteoran Wanderer on June 1, 2022.
             Was a Believer of Ashenzari.
             Mangled by a wraith (11 damage)
             ... on level 10 of the Dungeon on June 2, 2022.
             The game lasted 00:38:54 (5258 turns).

enile the Fighter (Meteoran Wanderer)               Turns: 5258, Time: 00:38:56

HP:   -8/99 (106)   AC: 10    Str: 19    XL:     11   Next: 69%
MP:   21/21         EV: 12    Int: 29    God:    Ashenzari [**....]
Gold: 316           SH: 10    Dex: 16    Spells: 19/23 levels left

rFire   . . .      SeeInvis +   u - +2 dagger (venom)
rCold   + . .      Faith    .   n - +0 kite shield
rNeg    . . .      Spirit   .   r - +1 scale mail {rC+}
rPois   .          Reflect  .   (no helmet)
rElec   .          Harm     .   (no cloak)
rCorr   +          Rampage  .   (no gloves)
Will    +....                   m - +0 pair of boots "Ensconced Together" {Fly, Elem, Self} (curse)
Stlth   +.........              j - amulet "Moon of the Heavens" {RegenMP *Corrode +Blink Int+4 Stlth+, Melee, Self} (curse)
HPRegen 0.26/turn               v - ring of Ashenzari's Pleiades {Int+6, Fort, Self} (curse)
MPRegen 0.57/turn               B - ring of the Fated Yoke {rCorr Str+6 Int+2 SInv, Alch, Evo} (curse)

@: flying, slowed, glowing, drained, very slow
A: sense surroundings 2, otherworldly, glowing, explore regen, clever 1, weak 1
a: Renounce Religion, Evoke Blink, Curse Item, Shatter the Chains


You were on level 10 of the Dungeon.
You worshipped Ashenzari.
Ashenzari was pleased with you.
You visited 1 branch of the dungeon, and saw 10 of its levels.

You collected 372 gold pieces.
You spent 56 gold pieces at shops.

Inventory:

Hand Weapons
 a - a +0 dagger
 g - a +0 halberd of distortion
 h - a +0 war axe
 i - a +1 dagger of pain
 u - a +2 dagger of venom (weapon)
 y - a +0 vorpal flail
 z - a +3 halberd
 A - a +0 arbalest
 G - a +0 quarterstaff of draining
 I - a +0 morningstar
Missiles
 e - 4 boomerangs (quivered)
Armour
 c - a +2 scale mail
 m - the cursed +0 pair of boots "Ensconced Together" (worn) {Fly, Elem, Self}
   (You found it on level 1 of the Dungeon)

   It has a curse which improves the following skills: Elements: Fire Magic, Ice
   Magic, Air Magic and Earth Magic.
   Introspection: Fighting and Spellcasting.
 n - a +0 kite shield (worn)
 r - a +1 scale mail of cold resistance (worn)
 D - an orb of wrath
Jewellery
 f - a ring of ice
 j - the cursed amulet "Moon of the Heavens" (around neck) {RegenMP *Corrode +Blink Int+4 Stlth+, Melee, Self}
   (You found it on level 2 of the Dungeon)

   [amulet of magic regeneration]

   It increases your rate of magic regeneration.
   Int:       It affects your intelligence (+4).
   +Blink:    It lets you blink.
   *Corrode:  It may corrode you when you take damage.
   Stlth:     It makes you more stealthy.
   It has a curse which improves the following skills: Melee Combat: Short
   Blades, Long Blades, Axes, Maces & Flails, Polearms, Staves and Unarmed
   Combat.
   Introspection: Fighting and Spellcasting.
 v - the cursed ring of Ashenzari's Pleiades (left hand) {Int+6, Fort, Self}
   (You found it on level 2 of the Dungeon)

   [ring of intelligence]

   Int:       It affects your intelligence (+6).
   It has a curse which improves the following skills: Fortitude: Armour and
   Shields.
   Introspection: Fighting and Spellcasting.
 B - the cursed ring of the Fated Yoke (right hand) {rCorr Str+6 Int+2 SInv, Alch, Evo}
   (You acquired it on level 5 of the Dungeon)

   [ring of strength]

   Str:       It affects your strength (+6).
   Int:       It affects your intelligence (+2).
   SInv:      It lets you see invisible.
   rCorr:     It protects you from acid and corrosion.
   It has a curse which improves the following skills: Alchemy: Poison Magic and
   Transmutations.
   Evocations: Evocations.
 K - a ring of resist corrosion
 M - a +4 ring of evasion
Scrolls
 p - a scroll of enchant armour
 q - a scroll of enchant weapon
 E - a scroll of amnesia
 F - 2 scrolls of identify
 H - a scroll of magic mapping
Potions
 s - a potion of brilliance
 w - a potion of flight
 C - 2 potions of magic


   Skills:
 + Level 10.4(12.9) Fighting
 - Level 8.0(9.2) Maces & Flails
 - Level 5.0 Throwing
 - Level 7.0(8.3) Armour
 - Level 8.0 Dodging
 - Level 3.0 Stealth
 - Level 5.8(7.0) Shields
 - Level 4.2(6.6) Spellcasting
 - Level 1.2 Conjurations
 - Level 4.9(6.1) Earth Magic
 - Level 4.0(5.1) Evocations


You had 19 spell levels left.
You knew the following spells:

 Your Spells              Type           Power      Damage    Failure   Level
a - Magic Dart            Conj           64%        1d6       22%         1
b - Stone Arrow           Conj/Erth      60%        3d10      24%         3

Your spell library contained the following spells:

 Spells                   Type           Power      Damage    Failure   Level
 Wereblood                Tmut           10%        N/A       45%         2
 Call Imp                 Summ           9%         N/A       50%         2
 Sublimation of Blood     Necr           9%         N/A       50%         2
 Mephitic Cloud           Conj/Pois/Air  12%        N/A       65%         3
 Petrify                  Tmut/Erth      27%        N/A       69%         4
 Inner Flame              Hex/Fire       9%         N/A       71%         3
 Cause Fear               Hex            4%         N/A       98%         4
 Irradiate                Conj/Tmut      6%         3d15      100%        5
 Summon Hydra             Summ           4%         N/A       100%        7
 Discord                  Hex            4%         N/A       100%        8


Dungeon Overview and Level Annotations

Branches:
Dungeon (11/15)            Temple (0/1) D:5            Lair (0/6) D:8
    Orc: D:9-12

Altars:
Ashenzari
Dithmenos
Makhleb
Sif Muna
Uskayaw
Vehumet
Wu Jian
Zin

Shops:
D:3 *

Annotations:
D:4 3 runed translucent doors, Wiilli's ghost, amateur DjFE
D:11 3 runed translucent doors, Gibbon's ghost, journeyman GnWn; xian's ghost, journeyman DrCj


Innate Abilities, Weirdness & Mutations

You passively map the area around you.
You are easily found by Zot.
You glow in the dark.
You regain HP and MP as you explore.
Your mind is acute. (Int +2)
You are weak. (Str -2)


Message History

You feel as though you will be slow longer.
You feel better. You block the wraith's attack.
Okay, then.
You sock the wraith!
The wraith is almost destroyed.
You block the wraith's attack. The wraith hits you.
* * * LOW HITPOINT WARNING * * *
The wraith drains your vigour!
You feel as though you will be slow longer.
You hit the wraith but do no damage.
The wraith is almost destroyed.
The wraith hits you but does no damage.
You barely miss the wraith.
The wraith is almost destroyed.
You block the wraith's attack. The wraith hits you.
* * * LOW HITPOINT WARNING * * *
You hit the wraith.
The wraith is almost destroyed.
The wraith hits you!
* * * LOW HITPOINT WARNING * * *
The wraith closely misses you.
You feel better. You block the wraith's attack.
Okay, then.
Your +2 dagger of venom begins to drip with poison!
u - a +2 dagger of venom (weapon)
The wraith hits you!
* * * LOW HITPOINT WARNING * * *
The wraith drains your vigour!
You feel as though you will be slow longer.
You are flying.
You are slowed.
You are glowing.
Your life force is drained.
Your flying speed is very slow.
Your attack delay is about 1.7 (and is slowed by your shield).
Your base attributes are Str 15, Int 15, Dex 16.
Unknown command.
Okay, then.
Casting: Stone Arrow (dangerous; 24% risk of failure)
Confirm with . or Enter, or press ? or * to list all spells.
Okay, then.
You fail to use your ability.
The wraith hits you!
You die...

, ##.# #..# #..## * ** .##
###.## ##.## ##..# *,
*..######....#####)####..## ,
##....#.........###†##....## *,
###.................#........# ,
#......##................###....
.##...##................### ...#
......#..........W........###.##
###.............@...........#.#
####.........†.............. *
##........................
#.........................
#.........................
###......................... ,
#........................... ,
##..........................,,
##.............(............


You could see a wraith.

Vanquished Creatures
  Erica (D:11)
  A two-headed ogre (D:11)
  Pikel (D:4)
  2 centaur zombies (D:11)
  2 komodo dragons (D:8)
  2 unseen horrors
  A hornet (D:10)
  2 wyverns
  4 yaks (D:10)
  Duvessa (D:6)
  2 water moccasins (D:8)
  2 orc warriors
  A sky beast (D:7)
  An ogre (D:6)
  2 black bears
  4 centaurs
  2 lemures
  2 kobold brigands
  A bullfrog (D:8)
  A gnoll sergeant (D:5)
  3 scorpions
  4 necrophages
  A wight (D:10)
  Dowan (D:6)
  6 killer bees (D:11)
  7 howler monkeys
  A gnoll shaman (D:7)
  4 hounds
  2 orc priests
  Jessica (D:3)
  3 iguanas
  4 orc wizards
  Natasha (twice) (D:3)
  5 adders
  14 gnolls
  A white imp (D:7)
  2 ufetubi
  3 dart slugs
  A worm (D:4)
  20 orcs
  7 ball pythons
  5 endoplasms
  4 giant cockroaches
  4 goblins
  4 hobgoblins
  8 jackals
  4 quokkas
  2 bats (D:2)
  3 frilled lizards (D:2)
  16 kobolds
  A rat (D:1)
178 creatures vanquished.

Vanquished Creatures (others)
  43 fungi (D:8)
  51 plants
  4 withered plants (D:11)
98 creatures vanquished.

Grand Total: 276 creatures vanquished

Notes
Turn   | Place    | Note
-------+----------+-------------------------------------------
     0 | D:1      | enile the Meteoran Wanderer began the quest for the Orb.
     0 | D:1      | enile set off with the following items: a +0 dagger, 10
                  | poisoned darts, a +2 scale mail, a potion of curing; and
                  | the following spell memorised: Magic Dart; and the
                  | following spells available to memorise: Stone Arrow
     0 | D:1      | Reached XP level 1. HP: 16/16 MP: 3/3
   163 | D:1      | Reached skill level 2 in Fighting
   163 | D:1      | Reached XP level 2. HP: 19/24 MP: 5/5
   424 | D:1      | Reached XP level 3. HP: 13/30 MP: 6/6
   435 | D:1      | Reached skill level 3 in Fighting
   490 | D:1      | Glimpsed the power of Zot.
   540 | D:1      | Glimpsed the power of Zot.
   580 | D:1      | Glimpsed the power of Zot.
   656 | D:2      | Identified the amulet of the Queen {RegenMP *Corrode +Blink
                  | Int+4 Stlth+}
   791 | D:2      | Reached XP level 4. HP: 38/38 MP: 7/7
   791 | D:2      | You are sucked into a shaft and drop 2 floors!
   981 | D:3      | Found a glowing silver altar of Zin.
   987 | D:3      | Found an ornate altar of the Wu Jian Council.
   987 | D:3      | Found a broken altar of Ashenzari.
  1000 | D:3      | Became a worshipper of Ashenzari the Shackled
  1025 | D:3      | Found a burning altar of Makhleb.
  1027 | D:3      | Found Lyits's Assorted Antiques.
  1291 | D:3      | Found a radiant altar of Vehumet.
  1318 | D:3      | Noticed Natasha
  1330 | D:3      | Killed Natasha
  1331 | D:3      | Reached skill level 4 in Fighting
  1331 | D:3      | Reached XP level 5. HP: 31/46 MP: 8/8
  1384 | D:3      | Bought a scroll of identify for 56 gold pieces
  1385 | D:3      | Noticed Natasha
  1400 | D:3      | Killed Natasha
  1652 | D:3      | Noticed Jessica
  1664 | D:3      | Killed Jessica
  1665 | D:3      | Found a shimmering blue altar of Sif Muna.
  1957 | D:4      | Noticed a lemure
  1958 | D:4      | Noticed Pikel
  1958 | D:4      | Noticed a lemure
  1983 | D:4      | Reached XP level 6. HP: 56/56 MP: 9/9
  2047 | D:4      | Killed Pikel
  2048 | D:4      | Reached XP level 7. HP: 40/61 MP: 9/15
  2048 | D:4      | Reached XP level 8. HP: 45/68 MP: 9/16
  2143 | D:4      | Reached skill level 1 in Evocations
  2278 | D:4      | Glimpsed the power of Zot.
  2321 | D:5      | Entered Level 5 of the Dungeon
  2534 | D:4      | Found a runed translucent gate.
  2534 | D:4      | Found a runed translucent gate.
  2534 | D:4      | Found a runed translucent gate.
  2535 | D:4      | Noticed Wiilli's ghost (amateur DjFE)
  2601 | D:5      | Reached * piety under Ashenzari
  2601 | D:5      | Identified a scroll of acquirement
  2603 | D:5      | Acquired the ring of Yesterday {rCorr Str+6 Int+2 SInv}
  2634 | D:5      | Found a hide-covered altar of Uskayaw.
  2710 | D:5      | Reached skill level 5 in Fighting
  2743 | D:5      | Reached skill level 6 in Fighting
  2862 | D:6      | Gained mutation: You passively map the area around you.
                  | [Meteoran growth]
  2862 | D:6      | Reached XP level 9. HP: 81/81 MP: 18/18
  2880 | D:6      | Noticed Duvessa
  2880 | D:6      | Noticed Dowan
  2904 | D:6      | Killed Duvessa
  2915 | D:6      | Killed Dowan
  2916 | D:6      | Reached skill level 5 in Dodging
  2925 | D:6      | Identified the cursed +0 pair of boots "Ensconced Together"
                  | {Fly, Elem, Self} (You found it on level 1 of the Dungeon)
  2996 | D:6      | Identified the +3 whip of Exhibitionism {flame, rPois
                  | rCorr}
  3003 | D:5      | Found a staircase to the Ecumenical Temple.
  3020 | D:5      | Reached skill level 1 in Stealth
  3273 | D:6      | Reached ** piety under Ashenzari
  3419 | D:6      | Glimpsed the power of Zot.
  3469 | D:6      | Glimpsed the power of Zot.
  3481 | D:7      | Reached skill level 1 in Shields
  3663 | D:7      | Reached skill level 1 in Maces & Flails
  3975 | D:7      | Glimpsed the power of Zot.
  4024 | D:7      | Reached XP level 10. HP: 86/91 MP: 20/20
  4027 | D:7      | Reached skill level 1 in Earth Magic
  4048 | D:8      | Noticed an unseen horror
  4139 | D:8      | Killed an unseen horror
  4204 | D:8      | Noticed a komodo dragon
  4219 | D:8      | Killed a komodo dragon
  4220 | D:8      | Reached skill level 7 in Fighting
  4245 | D:8      | Reached skill level 8 in Fighting
  4286 | D:8      | Noticed a komodo dragon
  4294 | D:8      | Found a staircase to the Lair.
  4314 | D:8      | Found a shadowy altar of Dithmenos.
  4531 | D:8      | Glimpsed the power of Zot.
  4547 | D:8      | Killed a komodo dragon
  4552 | D:8      | Learned a level 3 spell: Stone Arrow
  4579 | D:8      | Glimpsed the power of Zot.
  4617 | D:8      | Glimpsed the power of Zot.
  4624 | D:8      | You are sucked into a shaft and drop 2 floors!
  4624 | D:10     | Entered Level 10 of the Dungeon
  4636 | D:10     | Reached XP level 11. HP: 93/102 MP: 21/21
  4774 | D:10     | Noticed a two-headed ogre
  4893 | D:11     | Noticed a two-headed ogre
  4917 | D:11     | Found a runed translucent gate.
  4917 | D:11     | Found a runed translucent gate.
  4917 | D:11     | Found a runed translucent gate.
  4924 | D:11     | Killed a two-headed ogre
  4925 | D:11     | Reached skill level 5 in Shields
  4956 | D:11     | Noticed xian's ghost (journeyman DrCj)
  4956 | D:11     | Noticed Gibbon's ghost (journeyman GnWn)
  4997 | D:11     | Reached skill level 5 in Throwing
  4997 | D:11     | Reached skill level 9 in Fighting
  5054 | D:11     | Noticed Erica
  5076 | D:11     | Gained mutation: Your mind is acute. (Int +2) [potion of
                  | mutation]
  5076 | D:11     | Gained mutation: You are weak. (Str -2) [potion of
                  | mutation]
  5085 | D:11     | Killed Erica
  5086 | D:11     | Reached skill level 10 in Fighting
  5257 | D:10     | HP: 2/99 [wraith (9)]
  5258 | D:10     | Mangled by a wraith

Illustrated notes

Levels and vault maps discovered:
D:1:      lemuel_arrival_river_bridge, layout_loops_ring
D:2:      layout_loops_ring, hellmonk_ecumenical_altar_inner_sanctum,
          minmay_misc_feat_chi, dk_noncrumbling_3
D:3:      layout_loops_ring, nicolae_vehumet_radiance, tgw_sif,
          gammafunk_temple_overflow_forgotten, mainiacjoe_overflow_alcove_1,
          serial_shops, shop, nrook_uturn, uniq_natasha
D:4:      layout_cave_pools, ebering_ghost_rock_garden,
          minmay_misc_feat_more_columns, minmay_misc_feat_x, uniq_pikel
D:5:      layout_basic, lemuel_crystal_altar, minmay_temple_entry_mist
D:6:      layout_gridville, uniq_duvessa
D:7:      layout_loops_ring, corexii_corridor_pit
D:8:      layout_basic, old_standard_altar, nicolae_ru_the_path_less_chosen,
          due_lair_maze_entry_diamond, grunt_ministairs_8
D:10:     layout_layer_cave
D:11:     layout_loops_ring, gammafunk_ghost_cemetery, serial_undead,
          serial_undead_e, serial_undead_f, serial_undead_f, serial_undead_f,
          serial_shops, nicolae_lakefront_shop, uniq_erica

Skill      XL: |  1  2  3  4  5  6  7  8  9 10 11 |
---------------+----------------------------------+-----
Fighting       | 2 3 4 6 8 10 | 10.4
Dodging        | 2 3 6 7 8 |  8.0
Armour         | 7 |  7.0
Spellcasting   | 4 |  4.2
Evocations     | 4 |  4.0
Stealth        | 3 |  3.0
Shields        | 4 5 |  5.8
Maces & Flails | 4 6 8 |  8.0
Earth Magic    | 4 |  4.9
Throwing       | 5 |  5.0
Conjurations   | |  1.2

Action                   |  1- 3 |  4- 6 |  7- 9 | 10-12 || total
-------------------------+-------+-------+-------+-------++-------
Melee: Dagger            |    74 |   124 |   103 |   101 ||   402
       War axe           |    47 |       |       |       ||    47
       Punch             |     4 |       |       |       ||     4
       Flail             |       |       |   146 |   168 ||   314
Throw: Dart              |       |     4 |    17 |    21 ||    42
       Boomerang         |       |       |       |     4 ||     4
 Cast: Magic Dart        |       |       |     2 |     1 ||     3
       Stone Arrow       |       |       |       |     5 ||     5
Invok: Curse Item        |       |     1 |     3 |       ||     4
 Abil: Evoke Blink       |       |     2 |     4 |    12 ||    18
  Use: Scroll            |     1 |     6 |    11 |     6 ||    24
       Potion            |       |       |     5 |    14 ||    19
Armor: Scale mail        |   105 |    71 |   168 |   126 ||   470
       Skin              |       |       |    17 |    39 ||    56
Dodge: Dodged            |    58 |    45 |   162 |   133 ||   398
Block: Kite shield       |       |       |   103 |   198 ||   301

Table legend: (Time is in decaauts)
 A = Elapsed time spent in this place.
 B = Non-inter-level travel time spent in this place.
 C = Inter-level travel time spent in this place.
 D = Time resting spent in this place.
 E = Time spent auto-exploring this place.
 F = Levels seen in this place.
 G = Mean time per level.
                   A        B        C        D        E       F      G
               +--------+--------+--------+--------+--------+-----+--------+
         Total |   5470 |   5054 |    416 |      0 |   1203 |  10 |  547.0 |
       Dungeon |   5470 |   5054 |    416 |      0 |   1203 |  10 |  547.0 |
               +--------+--------+--------+--------+--------+-----+--------+

Top non-repeatable levels by time:
     D:3: 971 daAuts
     D:7: 639 daAuts
     D:4: 613 daAuts
     D:1: 590 daAuts
     D:8: 573 daAuts
     D:6: 517 daAuts
     D:5: 456 daAuts
     D:2: 435 daAuts
    D:10: 356 daAuts
    D:11: 317 daAuts
